 Dungeon Crawl Stone Soup version 0.21.1-1-g345015fe64 (webtiles) character file.

116911 RepoMan the Scorcher (level 15, -1/125 HPs)
             Began as a Demigod Fire Elementalist on June 27, 2018.
             Slain by a bog body (4 damage)
             ... on level 3 of the Swamp on June 28, 2018.
             The game lasted 04:47:40 (41675 turns).

RepoMan the Scorcher (Demigod Fire Elementalist)   Turns: 41675, Time: 04:47:41

Health: -1/125     AC: 13    Str: 13    XL:     15   Next: 74%
Magic:  9/33       EV: 11    Int: 27    God:
Gold:   1422       SH:  5    Dex: 16    Spells: 8/32 levels left

rFire    . . .     SeeInvis +   a - +10 mace of the Sage {speed, rPois}
rCold    . . .     Gourm    .   S - +0 buckler {reflect}
rNeg     . . .     Faith    .   B - +0 swamp dragon scales
rPois    +         Spirit   .   w - +1 helmet {SInv}
rElec    .         Reflect  +   y - +0 cloak
rCorr    .         Harm     .   J - +0 pair of gloves
MR       ++...                  P - +0 pair of boots
Stlth    +.........             n - amulet of rage
HPRegen  0.30/turn              M - ring of protection from magic
MPRegen  0.23/turn              k - ring of wizardry

@: no status effects
A: high mp 1
a: Evoke Berserk Rage


You were on level 3 of the Swamp.
You were not hungry.

You visited 5 branches of the dungeon, and saw 25 of its levels.
You also visited: Sewer, Ossuary, Ice Cave and Volcano.

You collected 2070 gold pieces.
You spent 648 gold pieces at shops.

Inventory:

Hand Weapons
 a - the +10 mace of the Sage (weapon) {speed, rPois}
   (You found it on level 4 of the Dungeon)

   Attacks with this weapon are significantly faster.
   It protects you from poison.
 b - the +8 great mace of Bemaix {protect, rN+ MR+ Str+2 Int-2}
   (You bought it in a shop on level 6 of the Dungeon)

   It protects the one who uses it against injury (+AC on strike).
   It affects your strength (+2).
   It affects your intelligence (-2).
   It protects you from negative energy.
   It affects your resistance to hostile enchantments.
Armour
 e - a +2 shield of fire resistance
 w - a +1 helmet of see invisible (worn)
 y - a +0 cloak (worn)
 B - +0 swamp dragon scales (worn)
 J - a +0 pair of gloves (worn)
 P - a +0 pair of boots (worn)
 S - a +0 buckler of reflection (worn)
Magical Staves
 t - an uncursed staff of wizardry
Jewellery
 k - a ring of wizardry (right hand)
 m - an uncursed ring of flight
 n - an amulet of rage (around neck)
 M - a ring of protection from magic (left hand)
Wands
 g - a wand of disintegration (11)
 h - a wand of enslavement (26)
 p - a wand of polymorph (4)
 r - a wand of flame (15)
 z - a wand of clouds (3)
 C - a wand of scattershot (7)
 K - a wand of digging (5)
Scrolls
 d - 4 scrolls of fear
 i - 13 scrolls of identify
 j - 2 scrolls of silence
 l - 11 scrolls of teleportation
 q - a scroll of remove curse
 E - 3 scrolls of amnesia
 H - 2 scrolls of immolation
Potions
 f - 2 potions of brilliance
 o - 11 potions of curing
 s - 6 potions of flight
 v - 6 potions of cancellation
 x - a potion of magic
 F - a potion of ambrosia
Miscellaneous
 I - a phial of floods (inert)
Comestibles
 c - 28 rations


   Skills:
 + Level 9.5 Fighting
 + Level 13.0 Maces & Flails
 + Level 3.2 Armour
 + Level 2.1 Dodging
 - Level 1.7 Stealth
 * Level 4.1 Shields
 + Level 9.2 Spellcasting
 + Level 11.2 Conjurations
 * Level 15.3 Fire Magic


You had 8 spell levels left.
You knew the following spells:

 Your Spells              Type           Power        Failure   Level  Hunger
a - Flame Tongue          Conj/Fire      #####        1%          1    None
c - Conjure Flame         Conj/Fire      ######..     1%          3    None
e - Fireball              Conj/Fire      ######....   1%          5    ####...
g - Apportation           Tloc           ##....       4%          1    None
i - Inner Flame           Hex/Fire       ######..     1%          3    None
s - Sticky Flame          Conj/Fire      ######..     1%          4    #......
t - Throw Flame           Conj/Fire      ######       1%          2    None
x - Irradiate             Conj/Tmut      #####.....   11%         5    ####...


Dungeon Overview and Level Annotations

Branches:
Dungeon (13/15)            Temple (1/1) D:5            Lair (6/6) D:11
  Swamp (3/4) Lair:4        Snake (0/4) Lair:2        Slime (0/5) Lair:5
    Orc (2/2) D:12            Elf (0/3) Orc:2
 Vaults: D:13-14

Shops:
D:6 (   D:7 *   D:8 [   D:10 *   D:11 !   Orc:2 }[%(

Annotations:
Lair:5 1 runed door


Innate Abilities, Weirdness & Mutations

You have an increased reservoir of magic. (+10% MP)


Message History

* * * LOW HITPOINT WARNING * * *
The bog body touches you.
* * * LOW HITPOINT WARNING * * *
The bog body freezes you!
* * * LOW HITPOINT WARNING * * *
Unknown command.
Okay, then.
Unknown command.
Press: ? - help, v - describe, . - travel
Here: a bog body (moderately damaged, covered in liquid flames)
The floor.
Unknown command.
Evoke which item? (* to show all) (? for menu, Esc to quit)
Aiming: Scattershot
Press: ? - help, Shift-Dir - straight line, f/p - bog body
Aim: a bog body (moderately damaged, covered in liquid flames)
The burst of metal fragments hits the bog body. x3
The bog body is almost destroyed.
The bog body burns!
The bog body hits you.
You die...

.≈≈≈≈...♣♣♣ ♣≈≈.♣ #####
..(...≈.PP♣♣♣.♣.♣♣♣♣≈....
..♣♣..≈≈≈P≈≈#.≈(♣§§≈.....
♣♣♣♣♣≈≈≈≈≈≈..≈♣.♣≈.≈n....
♣♣≈≈≈≈≈.#.♣(≈...#≈..#
♣♣....♣#.......≈.≈..
♣♣≈♣.≈.#....#...≈.≈.
♣≈.....#...n#...≈≈.≈
♣♣≈....#...@#..≈≈.≈≈
♣...≈♣#..###...≈.≈≈
♣♣.≈≈.♣♣♣. .≈.≈.≈≈ ♣≈..♣♣
.♣ ≈≈...." ♣..♣♣ .≈
≈≈≈≈≈≈≈ .≈♣≈ .≈≈ ♣≈≈≈≈
≈.. ♣≈≈≈≈ ≈≈≈≈≈≈


You could see a bog body (burning).

Vanquished Creatures
  Rupert (D:12)
  A thorn hunter (Swamp:3)
  Kirke (D:12)
  An orc warlord (Orc:2)
  Snorg (D:10)
  A fire dragon (Lair:6)
  The ghost of Elsvaer the Cleaver, a journeyman HOFi of Beogh (D:11)
  A vault guard (D:13)
  Fannar (Orc:1)
  A centaur warrior (D:10)
  16 hydras
  Erica (Lair:2)
  A death knight (D:13)
  The ghost of mrdizzer the Fighter, a novice MiFi of Makhleb (D:9)
  The ghost of Araneus the Spear-Bearer, a novice NaFi of Cheibriados (D:8)
  7 two-headed ogres
  5 alligators
  4 orc high priests (Orc:2)
  11 death yaks
  A sun demon (Volcano)
  A sixfirhy (D:9)
  2 swamp dragons
  4 orc knights (Orc:2)
  2 lindwurms (Lair:6)
  A necromancer (IceCv)
  2 ugly things
  5 oklob plants
  3 cyclopes
  5 orc sorcerers
  7 elephants
  14 black mambas
  2 molten gargoyles (Lair:6)
  10 spiny frogs
  3 ice statues (IceCv)
  A centaur skeleton (D:12)
  12 komodo dragons
  A yaktaur (D:13)
  4 rime drakes
  An efreet (D:13)
  11 ice devils
  4 trolls
  A red devil (Volcano)
  3 meliai (Lair:5)
  A queen bee (Lair:5)
  A troll (shapeshifter) (D:13)
  6 hornets
  14 blink frogs
  5 slime creatures
  A polar bear (Lair:4)
  A tyrant leech (Swamp:3)
  A bog body (Swamp:3)
  9 hippogriffs
  2 spriggans (Swamp:3)
  5 wyverns
  7 basilisks
  35 yaks
  4 hogs (D:12)
  5 steam dragons
  11 vampire mosquitoes
  22 insubstantial wisps
  15 swamp worms
  5 wargs
  A soldier ant (D:8)
  3 nagas
  20 water moccasins
  6 porcupines
  31 orc warriors
  6 hell hounds
  9 swamp drakes
  3 ice beasts
  4 sky beasts
  A black bear (Lair:2)
  20 ogres
  4 phantoms
  14 wolves
  10 centaurs
  An ogre (shapeshifter) (D:13)
  18 crocodiles
  2 big kobolds
  13 bullfrogs
  3 water moccasin zombies (Ossuary)
  9 scorpions
  55 killer bees
  13 wights
  5 howler monkeys
  2 electric eels
  4 lava snakes (Lair:6)
  4 bullfrog zombies
  A quasit (D:13)
  4 crimson imps
  29 orc priests
  A jelly (D:6)
  3 draconian simulacra (IceCv)
  3 hounds
  3 bullfrog skeletons
  2 gnoll shamans
  Crazy Yiuf (D:4)
  2 centaur zombies
  3 iguanas
  Jessica (D:2)
  Ijyb (D:3)
  9 hell rats (Lair:4)
  18 orc wizards
  Natasha (thrice) (D:2)
  2 troll simulacra (IceCv)
  15 worker ants
  2 centaur simulacra (IceCv)
  2 hound skeletons
  2 mummies (Ossuary)
  A worker ant zombie (D:7)
  13 adders
  16 gnolls
  2 naga simulacra (IceCv)
  An ogre simulacrum (IceCv)
  7 river rats (Lair:4)
  5 shadow imps
  An ooze (D:5)
  9 adder zombies (Ossuary)
  3 worms
  A dart slug (D:3)
  3 leopard geckos
  109 orcs
  8 ball pythons
  7 giant cockroaches
  3 gnoll zombies (Ossuary)
  5 goblins
  9 hobgoblins
  26 jackals
  7 quokkas
  9 bats
  8 frilled lizards
  6 hobgoblin zombies (Ossuary)
  20 kobolds
  4 kobold zombies (Ossuary)
  An orc zombie (Ossuary)
  13 rats
  A fungus (Lair:4)
  7 plants
980 creatures vanquished.

Vanquished Creatures (collateral kills)
  A fire dragon (D:13)
  A deep troll (D:13)
  5 orcs (D:13)
7 creatures vanquished.

Vanquished Creatures (others)
  A spriggan (Swamp:1)
  2 bushes
  12 fungi
  7 plants
22 creatures vanquished.

Grand Total: 1009 creatures vanquished

Notes
Turn   | Place    | Note
-------+----------+-------------------------------------------
     0 | D:1      | RepoMan the Demigod Fire Elementalist began the quest for the Orb.
     0 | D:1      | Reached XP level 1. HP: 14/14 MP: 5/5
    53 | D:1      | Reached skill level 1 in Conjurations
   148 | D:1      | Reached skill level 3 in Fire Magic
   157 | D:1      | Reached XP level 2. HP: 18/20 MP: 0/7
   181 | D:1      | Learned a level 2 spell: Throw Flame
  1285 | D:2      | Reached XP level 3. HP: 26/26 MP: 6/8
  1594 | D:2      | Noticed Jessica
  1598 | D:2      | Killed Jessica
  1598 | D:2      | Reached XP level 4. HP: 33/33 MP: 5/10
  1657 | D:2      | Noticed a swamp drake
  1657 | D:2      | a quokka changed into a swamp drake
  1659 | D:2      | Noticed a naga
  1659 | D:2      | a swamp drake changed into a naga
  1941 | D:3      | Reached skill level 4 in Fire Magic
  2108 | D:3      | Noticed Ijyb
  2136 | D:3      | Killed Ijyb
  2209 | D:3      | Reached XP level 5. HP: 16/38 MP: 4/12
  2350 | D:3      | Found a glowing drain.
  2395 | Sewer    | Entered a sewer
  2400 | Sewer    | Learned a level 3 spell: Conjure Flame
  2404 | Sewer    | Learned a level 3 spell: Inner Flame
  3570 | D:3      | Found a radiant altar of Vehumet.
  4369 | D:4      | Reached skill level 5 in Fire Magic
  4369 | D:4      | Reached XP level 6. HP: 45/45 MP: 4/13
  4395 | D:4      | Found a sand-covered staircase.
  4411 | Ossuary  | Entered an ossuary
  5233 | D:4      | Reached XP level 7. HP: 50/50 MP: 4/15
  5239 | D:4      | Learned a level 4 spell: Sticky Flame
  5362 | D:4      | Found a runed door.
  5366 | D:4      | Noticed Crazy Yiuf
  5371 | D:4      | Killed Crazy Yiuf
  5427 | D:4      | Got a steaming mace
  5429 | D:4      | Identified the +10 mace of the Sage {speed, rPois} (You found it on level 4 of the Dungeon)
  5604 | D:4      | Reached skill level 6 in Fire Magic
  6483 | D:2      | Reached skill level 1 in Maces & Flails
  6521 | D:2      | Noticed Natasha
  6682 | D:2      | Killed Natasha
  6689 | D:2      | Noticed Natasha
  6693 | D:2      | Killed Natasha
  6999 | D:2      | Noticed Natasha
  7003 | D:2      | Killed Natasha
  7089 | D:5      | Entered Level 5 of the Dungeon
  7090 | D:5      | Found a shadowy altar of Dithmenos.
  7477 | D:5      | Found a staircase to the Ecumenical Temple.
  7493 | Temple   | Entered the Ecumenical Temple
  8069 | D:6      | Reached XP level 8. HP: 57/57 MP: 7/17
  8158 | D:6      | Reached skill level 7 in Fire Magic
  8749 | D:6      | Found Ihextusaty's Antique Weapon Boutique.
  8760 | D:6      | Bought an ancient great mace for 299 gold pieces
  8760 | D:6      | Identified the +8 great mace of Bemaix {protect, rN+ MR+ Str+2 Int-2} (You bought it in a shop on level 6 of the Dungeon)
  8878 | D:7      | Found Cunomn's Assorted Antiques.
  8934 | D:7      | Reached skill level 5 in Conjurations
  9507 | D:7      | Reached skill level 5 in Spellcasting
  9770 | D:8      | Reached skill level 8 in Fire Magic
  9809 | D:8      | Reached XP level 9. HP: 62/62 MP: 18/20
  9988 | D:8      | Noticed Araneus's ghost (novice NaFi)
  9998 | D:8      | Killed Araneus's ghost
 10051 | D:8      | Found Ifiydgh's Armour Emporium.
 10132 | D:8      | Reached skill level 9 in Fire Magic
 10472 | D:8      | Learned a level 5 spell: Fireball
 10831 | D:8      | Got a slimy robe
 10962 | D:8      | Reached skill level 1 in Fighting
 11345 | D:9      | Noticed mrdizzer's ghost (novice MiFi)
 11353 | D:9      | Killed mrdizzer's ghost
 11353 | D:9      | Reached skill level 5 in Maces & Flails
 11353 | D:9      | Reached XP level 10. HP: 43/73 MP: 20/23
 12187 | D:9      | Found a runed door.
 12187 | D:9      | Noticed a sixfirhy
 12347 | D:9      | Killed a sixfirhy
 12347 | D:9      | Reached skill level 10 in Fire Magic
 12387 | D:10     | Entered Level 10 of the Dungeon
 12430 | D:10     | Learned a level 1 spell: Apportation
 12482 | D:10     | Noticed a two-headed ogre
 12561 | D:10     | Killed a two-headed ogre
 12736 | D:10     | Found Kowoe's General Store.
 12762 | D:10     | Noticed a centaur warrior
 12775 | D:10     | Killed a centaur warrior
 13166 | D:10     | Noticed Snorg
 13181 | D:10     | Killed Snorg
 13181 | D:10     | Reached XP level 11. HP: 46/83 MP: 11/25
 13781 | D:11     | Found a staircase to the Lair.
 13781 | D:11     | Noticed a death yak
 13981 | D:11     | Noticed a death yak
 13993 | D:11     | Noticed a death yak
 13999 | D:11     | Noticed a death yak
 14000 | D:11     | Noticed a death yak
 14007 | D:11     | Killed a death yak
 14025 | D:11     | Killed a death yak
 14557 | D:11     | Reached skill level 11 in Fire Magic
 14672 | D:11     | Found Xagaggyc's Distillery.
 14681 | D:11     | Bought a potion of degeneration for 10 gold pieces
 14681 | D:11     | Bought a potion of berserk rage for 50 gold pieces
 14681 | D:11     | Bought a potion of curing for 30 gold pieces
 14681 | D:11     | Bought a potion of curing for 30 gold pieces
 14681 | D:11     | Bought a potion of heal wounds for 50 gold pieces
 14681 | D:11     | Bought a potion of curing for 30 gold pieces
 14681 | D:11     | Bought a potion of curing for 30 gold pieces
 14691 | Lair:1   | Entered Level 1 of the Lair of Beasts
 14844 | D:11     | Noticed Elsvaer's ghost (journeyman HOFi)
 15236 | D:11     | Killed a death yak
 15239 | D:11     | Killed a death yak
 15552 | D:11     | Killed Elsvaer's ghost
 15928 | Lair:1   | Reached skill level 5 in Fighting
 16374 | Lair:1   | Reached XP level 12. HP: 94/94 MP: 19/27
 17193 | Lair:2   | Found a staircase to the Snake Pit.
 17893 | Lair:2   | Noticed Erica
 17965 | Lair:2   | Killed Erica
 17965 | Lair:2   | Reached skill level 12 in Fire Magic
 18076 | Lair:2   | Noticed a four-headed hydra
 18082 | Lair:2   | Killed a four-headed hydra
 18709 | Lair:2   | Identified the +2 robe "Gerip" {+Inv rF+ rC- Int+3} (You found it on level 8 of the Dungeon)
 18947 | Lair:3   | Found a dark tunnel.
 18955 | Volcano  | Entered a volcano
 20614 | Lair:4   | Found a staircase to the Swamp.
 20863 | Lair:4   | Noticed a five-headed hydra
 21011 | Lair:4   | Killed a five-headed hydra
 21011 | Lair:4   | Reached XP level 13. HP: 75/103 MP: 9/29
 22025 | Lair:5   | Reached skill level 10 in Maces & Flails
 22530 | Lair:4   | Reached skill level 13 in Fire Magic
 23451 | Lair:5   | Found a runed door.
 23451 | Lair:5   | Found a viscous altar of Jiyva.
 23451 | Lair:5   | Found a staircase to the Slime Pits.
 23451 | Lair:5   | Noticed an azure jelly
 23451 | Lair:5   | Noticed an azure jelly
 23451 | Lair:5   | Noticed an azure jelly
 24563 | Lair:6   | Entered Level 6 of the Lair of Beasts
 24668 | Lair:6   | Found a frozen archway.
 24772 | IceCv    | Entered an ice cave
 26169 | Lair:6   | Found a radiant altar of Vehumet.
 26255 | Lair:6   | Reached skill level 10 in Conjurations
 26261 | Lair:6   | Reached XP level 14. HP: 95/114 MP: 12/30
 27006 | Lair:6   | Reached skill level 1 in Armour
 27013 | Lair:6   | Reached skill level 14 in Fire Magic
 27514 | Lair:6   | Found a large runed door.
 27515 | Lair:6   | Found a large runed door.
 28540 | Lair:2   | Learned a level 5 spell: Irradiate
 28670 | D:12     | Noticed Kirke
 28712 | D:12     | Killed Kirke
 29726 | D:12     | Noticed Rupert
 29742 | D:12     | Killed Rupert
 30407 | D:12     | Found a staircase to the Orcish Mines.
 30442 | D:12     | Found a roughly hewn altar of Beogh.
 30864 | Orc:1    | Entered Level 1 of the Orcish Mines
 30888 | Orc:1    | Noticed Fannar
 30902 | Orc:1    | Killed Fannar
 31302 | Orc:2    | Entered Level 2 of the Orcish Mines
 32528 | Orc:2    | Found a staircase to the Elven Halls.
 32677 | Orc:2    | Got a jewelled ring mail
 33032 | Orc:2    | Noticed an orc warlord
 33058 | Orc:2    | Killed an orc warlord
 33451 | Orc:2    | Found Naanto's Food Boutique.
 33813 | Orc:2    | Reached XP level 15. HP: 123/123 MP: 10/32
 34039 | Orc:2    | Found Moameo's Weapon Shoppe.
 34068 | Orc:2    | Found a roughly hewn altar of Beogh.
 34360 | Orc:2    | Found a roughly hewn altar of Beogh.
 34847 | Orc:2    | Found Jeafruph's Armour Emporium.
 34852 | Orc:2    | Bought a +0 buckler of reflection for 119 gold pieces
 34863 | Orc:2    | Found Jerphum's Gadget Shoppe.
 35049 | Orc:2    | Identified the cursed +1 ring mail "Gathraucia" {rN+ MR+} (You found it on level 2 of the Orcish Mines)
 36000 | D:13     | Reached skill level 1 in Shields
 36212 | D:13     | Got a bronze leather armour
 36226 | D:13     | Identified the +1 leather armour of Noon {rPois MR+++ Int-3 Dex-4} (You found it on level 13 of the Dungeon)
 37131 | D:13     | Noticed a storm dragon
 37463 | Swamp:1  | Entered Level 1 of the Swamp
 37481 | Swamp:1  | Reached skill level 15 in Fire Magic
 41508 | Swamp:3  | Noticed a thorn hunter
 41643 | Swamp:3  | Killed a thorn hunter
 41674 | Swamp:3  | HP: 3/125 [bog body (7)]
 41675 | Swamp:3  | Slain by a bog body

Skill      XL: |  1  2  3  4  5  6  7  8  9 10 11 12 13 14 15 |
---------------+----------------------------------------------+-----
Conjurations   | 1 2 3 4 5 6 7 8 9 10 11 | 11.2
Fire Magic     | 3 4 5 6 8 9 10 11 12 13 14 15 | 15.3
Spellcasting   | 2 3 4 5 6 7 8 9 |  9.2
Maces & Flails | 2 3 5 6 7 9 11 12 13 | 13.0
Fighting       | 1 3 5 6 7 8 9 |  9.5
Armour         | 2 3 |  3.2
Shields        | 4 |  4.1
Dodging        | 2 |  2.1
Stealth        | |  1.7

Action                   |  1- 3 |  4- 6 |  7- 9 | 10-12 | 13-15 || total
-------------------------+-------+-------+-------+-------+-------++-------
Melee: Unarmed           |     6 |       |       |       |       ||     6
       Mace              |     7 |   121 |   122 |   197 |   927 ||  1374
       Great mace        |       |       |    11 |    18 |    14 ||    43
 Cast: Flame Tongue      |    66 |   151 |   165 |   247 |   434 ||  1063
       Conjure Flame     |       |     9 |    10 |    20 |    13 ||    52
       Throw Flame       |       |     2 |    15 |    32 |   106 ||   155
       Inner Flame       |       |     1 |     3 |     5 |     1 ||    10
       Sticky Flame      |       |       |    13 |    92 |   232 ||   337
       Fireball          |       |       |       |    42 |   125 ||   167
       Irradiate         |       |       |       |       |     4 ||     4
Evoke: Wand              |       |    10 |       |     9 |    24 ||    43
       Phial of floods   |       |       |       |       |     2 ||     2
  Use: Scroll            |       |     2 |       |    24 |    15 ||    41
       Potion            |       |     1 |     4 |    13 |    14 ||    32
 Stab: Sleeping          |       |       |     2 |       |     1 ||     3
       Distracted        |       |       |       |       |     1 ||     1
       Confused          |       |       |       |       |     1 ||     1
  Eat: Chunk             |     3 |     6 |    16 |    20 |    51 ||    96
       Ration            |       |     2 |     1 |     7 |    13 ||    23
Armor: Robe              |     8 |    13 |     5 |       |       ||    26
       Leather armour    |       |       |     5 |       |       ||     5
       Steam dragon scal |       |       |    38 |    68 |    71 ||   177
       Troll leather arm |       |       |       |    29 |   142 ||   171
       Chain mail        |       |       |       |       |    63 ||    63
       Swamp dragon scal |       |       |       |       |    21 ||    21
Dodge: Dodged            |    11 |    50 |    81 |   215 |   477 ||   834
Block: Shield            |       |       |       |       |    22 ||    22
       Buckler           |       |       |       |       |    35 ||    35
       Reflection        |       |       |       |       |     1 ||     1
